 Dungeon Crawl Stone Soup version 0.29.0-4-gdea44cf6ec (webtiles) character file.

Game seed: 12129941383837704292

26 qw the Chopper (level 3, 0/21 HPs)
             Began as a Tengu Warper on Aug 29, 2022.
             Succumbed to a goblin's poison
             ... on level 2 of the Dungeon.
             The game lasted 00:00:20 (1449 turns).

qw the Chopper (Tengu Warper)                       Turns: 1449, Time: 00:00:21

Health: 0/21       AC:  5    Str: 13    XL:     3   Next: 8%
Magic:  7/7        EV: 11    Int: 13    God:
Gold:   155        SH:  0    Dex: 13    Spells: 6/6 levels left

rFire   . . .      SeeInvis .   Y - +0 hand axe
rCold   . . .      Faith    .   (no shield)
rNeg    . . .      Spirit   .   g - +0 ring mail
rPois   .          Reflect  .   (helmet restricted)
rElec   .          Harm     .   (no cloak)
rCorr   .          Rampage  .   (no gloves)
Will    .....                   (boots unavailable)
Stlth   +.........              (no amulet)
HPRegen 0.07/turn               (no ring)
MPRegen 0.10/turn               (no ring)

@: lethally poisoned (0 -> -8)
A: beak, talons 3
a: no special abilities


You were on level 2 of the Dungeon.
You visited 1 branch of the dungeon, and saw 2 of its levels.

You collected 155 gold pieces.


Innate Abilities, Weirdness & Mutations

You have a beak for a mouth.
You have claws for feet.


   Skills:
 - Level 2.0 Fighting
 + Level 3.8 Axes
 - Level 1.0 Throwing
 - Level 1.1 Armour
 - Level 2.1 Dodging
 - Level 2.0 Spellcasting
 - Level 2.4 Translocations


You had 6 spell levels left.
You didn't know any spells.
Your spell library contained the following spells:

 Spells                   Type           Power      Damage    Failure   Level
 Blink                    Tloc           14%        N/A       30%         2
 Gell's Gravitas          Tloc           7%         N/A       52%         3
 Lesser Beckoning         Tloc           7%         N/A       52%         3
 Teleport Other           Tloc           7%         N/A       52%         3
 Manifold Assault         Tloc           7%         N/A       99%         5

Inventory:

Hand Weapons
 Y - a +0 hand axe (weapon)
Missiles
 d - a boomerang of dispersal (quivered)
Armour
 g - a +0 ring mail (worn)
Scrolls
 b - a scroll of vulnerability {unknown}
Potions
 a - a potion of resistance {unknown}
 c - a potion of magic {unknown}
 e - a potion of might {unknown}
 h - a potion of attraction {unknown}

Dungeon Overview and Level Annotations

Branches:
Dungeon (2/15)

Altars:
Ru


Message History

Press: ? - help, Q - select action Shift-Dir - straight line, f/p - goblin You throw a boomerang of dispersal.
The boomerang of dispersal barely misses the goblin.
You feel very sick.
The goblin throws a poisoned dart.
The poisoned dart misses you.
1433 ||| FLEEEEING.
You feel sick.
1434 ||| FLEEEEING.
You feel sick.
1435 ||| FLEEEEING.
You feel sick.
1436 ||| FLEEEEING.
You feel sick.
1437 ||| FLEEEEING.
You feel sick.
1438 ||| FLEEEEING.
You feel sick.
1439 ||| FLEEEEING.
You feel sick.
You are no longer poisoned.
The goblin throws a poisoned dart.
The poisoned dart barely misses you.
1440 ||| FLEEEEING.
1441 ||| FLEEEEING.
1442 ||| FLEEEEING.
1443 ||| FLEEEEING.
1444 ||| FLEEEEING.
The goblin throws a poisoned dart.
The poisoned dart barely misses you.
1445 ||| FLEEEEING.
The goblin throws a poisoned dart.
The poisoned dart hits you!
You are lethally poisoned!
1446 ||| FLEEEEING.
You feel very sick.
The goblin throws a poisoned dart.
The poisoned dart hits you.
You are more poisoned.
1447 ||| FLEEEEING.
You feel very sick.
1448 ||| FLEEEEING.
You feel very sick.
1449 ||| FLEEEEING.
You die...

#.....# #. #.....# #.# #.
#.....# #.# #.######.....#
#.# #............#
#####.####..###......#
...#.........#.#.#.#...
#######.........#.#.#.#.#.##
.(.. #.........@...#.#.# #
#..#.#......(..#.###.#
##..#.#.............#.#
.#..#.............#.#.#
....###........#......#
...............#.##..##
...#####.......#.# >## '#.#
#.g.....#.# #
...#####.......#.#


You could see a goblin.

Vanquished Creatures
  2 dart slugs (D:1)
  2 ball pythons
  2 bats
  An endoplasm (D:2)
  3 goblins (D:1)
  2 hobgoblins (D:1)
  5 jackals
  A frilled lizard (D:1)
  A rat (D:1)
19 creatures vanquished.

Notes
Turn   | Place    | Note
-------+----------+-------------------------------------------
     0 | D:1      | qw the Tengu Warper began the quest for the Orb.
     0 | D:1      | Reached XP level 1. HP: 12/12 MP: 4/4
     0 | D:1      | 0 ||| qw: Version: 0.1-a-89-g26bdef1
     0 | D:1      | 0 ||| qw: Game counter: 3534
     0 | D:1      | 0 ||| qw: Always use a shield: true
     0 | D:1      | 0 ||| qw: God list: Okawaru
     0 | D:1      | 0 ||| qw: Allow faded altars: false
     0 | D:1      | 0 ||| qw: Do Orc after D:15 true
     0 | D:1      | 0 ||| qw: Do second Lair branch before Depths: true
     0 | D:1      | 0 ||| qw: Lair rune preference: random
     0 | D:1      | 0 ||| qw: Plans: Normal
     0 | D:1      | 0 ||| PLANNING D:1-11
    24 | D:1      | 24 ||| Stepping ~*~*~tactically~*~*~ (stealth).
   147 | D:1      | 147 ||| Stepping ~*~*~tactically~*~*~ (stealth).
   155 | D:1      | 155 ||| Stepping ~*~*~tactically~*~*~ (stealth).
   196 | D:1      | 196 ||| Stepping ~*~*~tactically~*~*~ (stealth).
   344 | D:1      | Found a faded altar of an unknown god.
   383 | D:1      | Reached skill level 3 in Axes
   383 | D:1      | Reached XP level 2. HP: 17/17 MP: 6/6
   667 | D:1      | 667 ||| Stepping ~*~*~tactically~*~*~ (hiding).
  1018 | D:1      | 1018 ||| UPGRADING to +0 ring mail.
  1028 | D:1      | 1028 ||| DROPPING +0 leather armour.
  1029 | D:1      | 1029 ||| READING scroll labelled ZIDOISE RIENU.
  1034 | D:1      | 1034 ||| READING scroll labelled XISYAT HEREI.
  1160 | D:1      | 1160 ||| DROPPING scroll of blinking.
  1213 | D:2      | Reached XP level 3. HP: 21/21 MP: 7/7
  1317 | D:2      | Found a sacrificial altar of Ru.
  1433 | D:2      | 1433 ||| FLEEEEING.
  1434 | D:2      | 1434 ||| FLEEEEING.
  1435 | D:2      | 1435 ||| FLEEEEING.
  1436 | D:2      | 1436 ||| FLEEEEING.
  1437 | D:2      | 1437 ||| FLEEEEING.
  1438 | D:2      | 1438 ||| FLEEEEING.
  1439 | D:2      | 1439 ||| FLEEEEING.
  1440 | D:2      | 1440 ||| FLEEEEING.
  1441 | D:2      | 1441 ||| FLEEEEING.
  1442 | D:2      | 1442 ||| FLEEEEING.
  1443 | D:2      | 1443 ||| FLEEEEING.
  1444 | D:2      | 1444 ||| FLEEEEING.
  1445 | D:2      | 1445 ||| FLEEEEING.
  1446 | D:2      | 1446 ||| FLEEEEING.
  1447 | D:2      | 1447 ||| FLEEEEING.
  1447 | D:2      | HP: 5/21 [poisoned by a goblin]
  1448 | D:2      | 1448 ||| FLEEEEING.
  1448 | D:2      | HP: 2/21 [poisoned by a goblin]
  1449 | D:2      | 1449 ||| FLEEEEING.
  1449 | D:2      | Succumbed to a goblin's poison

Levels and vault maps discovered:
D:1:      psy_arrival_statuary, layout_basic, basic_ecumenical_altar
D:2:      layout_basic, basic_altar

Skill      XL: |  1 |
---------------+----+-----
Axes           | 3 |  3.8
Fighting       | |  2.0
Throwing       | |  1.0
Armour         | |  1.1
Dodging        | |  2.1
Spellcasting   | |  2.0
Translocations | |  2.4

Action                   || total
-------------------------++-------
Melee: Hand axe          ||    34
       Kick              ||     9
       Peck              ||     7
Throw: Javelin           ||    27
       Boomerang         ||     6
  Use: Scroll            ||     2
Armor: Leather armour    ||    11
       Ring mail         ||     2
Dodge: Dodged            ||    29

Table legend:
 A = Non-vault XP
 B = Vault XP
 C = Vault XP percentage of total XP
 D = Non-vault monster count
 E = Vault monster count
 F = Vault count percentage of total count
                 A         B        C        D         E       F
            +---------+---------+-------+---------+---------+-------
      Total |      38 |       0 |   0.0 |      19 |       0 |   0.0
            +---------+---------+-------+---------+---------+-------
        D:1 |      28 |       0 |   0.0 |      13 |       0 |   0.0
        D:2 |      10 |       0 |   0.0 |       6 |       0 |   0.0
            +---------+---------+-------+---------+---------+-------
